 Dungeon Crawl Stone Soup version 0.28.0-53-g5a82cb258f (webtiles) character file.

Game seed: 4082909626206529465

8547 jjjjhere the Unseen (level 11, -7/102 HPs)
             Began as a Kobold Berserker on Aug 14, 2022.
             Was an Elder of Trog.
             Mangled by a death yak (23 damage)
             ... on level 9 of the Dungeon.
             The game lasted 00:15:20 (13806 turns).

jjjjhere the Unseen (Kobold Berserker)             Turns: 13806, Time: 00:15:21

Health: -7/102     AC: 14    Str: 15    XL:     11   Next: 57%
Magic:  20/20      EV: 16    Int:  9    God:    Trog [****..]
Gold:   413        SH:  0    Dex: 18    Spells: 10/10 levels left

rFire   . . .      SeeInvis .   m - +1 dagger (elec)
rCold   + + .      Faith    +   (no shield)
rNeg    . . .      Spirit   .   B - +7 Kryia's mail coat {PotionHeal*2 rC+}
rPois   .          Reflect  .   (no helmet)
rElec   .          Harm     .   s - +0 cloak
rCorr   .          Rampage  .   (no gloves)
Will    .....                   (no boots)
Stlth   ..........              d - amulet of faith
HPRegen 0.27/turn               i - ring of protection from cold
MPRegen 0.17/turn               q - ring of magical power

@: berserking, very quick
A: small, no large weapons, nightstalker 3
a: Renounce Religion, Berserk, Trog's Hand, Brothers in Arms


You were on level 9 of the Dungeon.
You worshipped Trog.
Trog was greatly pleased with you.
You visited 2 branches of the dungeon, and saw 11 of its levels.

You collected 413 gold pieces.

Inventory:

Hand Weapons
 a - a +0 spectral short sword
 m - a +1 dagger of electrocution (weapon)
 n - a +0 dagger of chaos
Missiles
 l - 39 poisoned darts (quivered)
 D - 2 silver boomerangs
Armour
 b - a +0 animal skin
 s - a +0 cloak (worn)
 v - +1 steam dragon scales
 y - a +3 leather armour of poison resistance
 B - the +7 Kryia's mail coat (worn) {PotionHeal*2 rC+}
   (You found it on level 9 of the Dungeon)

   Potions are twice as effective at healing its wearer.
   rC:        It protects you from cold.
Jewellery
 d - an amulet of faith (around neck)
 i - a ring of protection from cold (left hand)
 q - a ring of magical power (right hand)
 x - an amulet of the acrobat
Wands
 h - a wand of mindburst (21)
 k - a wand of polymorph (20)
 w - a wand of flame (22)
 F - a wand of iceblast (5)
Scrolls
 c - 2 scrolls of fear
 e - a scroll of amnesia
 u - a scroll of magic mapping
 C - a scroll of teleportation
Potions
 f - 2 potions of haste
 g - 7 potions of curing
 j - 5 potions of heal wounds {unknown}
 o - 2 potions of resistance {unknown}
 p - a potion of ambrosia {unknown}
 r - 2 potions of mutation {unknown}
 t - a potion of cancellation {unknown}
 z - 2 potions of attraction {unknown}
 A - 3 potions of flight {unknown}


   Skills:
 + Level 8.3 Fighting
 - Level 10.0 Short Blades
 - Level 1.5 Armour
 + Level 8.6 Dodging
 + Level 17.2 Stealth


You had 10 spell levels left.
You didn't know any spells.
Your spell library was empty.

Dungeon Overview and Level Annotations

Branches:
Dungeon (10/15)            Temple (1/1) D:5            Lair (0/6) D:10
    Orc: D:9-12

Altars:
Cheibriados
Elyvilon
Fedhas
Kikubaaqudgha
Makhleb
Nemelex Xobeh
Okawaru
Ru
Uskayaw
Vehumet
Xom
Yredelemnul
Zin
Jiyva

Shops:
D:1 (   D:4 :

Annotations:
D:3 3 runed translucent doors
D:7 exclusion: statue
D:9 2 transporters, COBRA's ghost, novice HOFi


Innate Abilities, Weirdness & Mutations

You are small and have problems with some larger weapons.
You are completely attuned to the shadows.


Message History

You hit the death yak but do no damage.
The death yak is moderately wounded.
The death yak snorts and paws the ground.
The death yak gores you!!
You hit the death yak but do no damage.
Lightning courses through the death yak!
The death yak is moderately wounded.
You hit the death yak but do no damage.
Lightning courses through the death yak!!
The death yak is heavily wounded.
The death yak closely misses you.
You hit the death yak.
The death yak is severely wounded.
You hit the death yak.
The death yak is severely wounded.
The death yak closely misses you.
You hit the death yak but do no damage.
The death yak is severely wounded.
You hit the death yak but do no damage.
The death yak is severely wounded.
The death yak gores you!
You hit the death yak but do no damage.
The death yak is severely wounded.
You hit the death yak but do no damage.
The death yak is severely wounded.
The death yak misses you.
You hit the death yak but do no damage.
The death yak is severely wounded.
You hit the death yak.
The death yak is severely wounded.
The death yak gores you.
You hit the death yak but do no damage.
The death yak is severely wounded.
You hit the death yak.
The death yak is severely wounded.
The death yak gores you!!
* * * LOW HITPOINT WARNING * * *
A red film seems to cover your vision as you go berserk!
You feel yourself moving faster!
You feel mighty! The death yak gores you!!
You die...

...................# #..##
...................# #..##
...................##########....
.......##########...........^....
.......# #..........>.....
.......# #................
.......# #.........<..####
.......##########Y...........#
................@............#
............#####.############
............# #.# ####..)######
#.# # #...# #.###############
#...# #................ #...#
#................ #...#
#................ #...#
#.#########....##


You could see a death yak.

Vanquished Creatures
  2 death yaks
  Grinder (D:6)
  Sigmund (D:2)
  A shadow (D:10)
  10 yaks
  A wraith (D:10)
  A steam dragon (D:7)
  Menkaure (D:7)
  Edmund (D:5)
  2 water moccasins
  5 orc warriors
  A sky beast (D:6)
  A black bear (D:8)
  4 necrophages
  5 ogres
  8 centaurs
  A phantom (D:5)
  3 kobold brigands
  A bullfrog (D:6)
  2 wyvern zombies
  2 gnoll sergeants
  2 scorpions
  A water moccasin zombie (D:5)
  10 wights (D:8)
  4 killer bees (D:10)
  6 howler monkeys
  5 centaur zombies
  6 jellies
  A crimson imp (D:6)
  A bullfrog zombie (D:6)
  An orc priest (D:6)
  2 hounds
  A centaur skeleton (D:6)
  Ijyb (D:5)
  4 iguanas (D:5)
  7 orc wizards
  A scorpion zombie (D:5)
  A howler monkey zombie (D:4)
  13 adders
  9 gnolls
  A shadow imp (D:5)
  An adder skeleton (D:4)
  An adder zombie (D:4)
  A worm (D:2)
  2 dart slugs
  15 orcs
  2 ball pythons
  7 bats
  7 endoplasms
  2 giant cockroaches
  9 goblins
  7 hobgoblins
  2 jackals (D:2)
  5 quokkas
  3 frilled lizards
  22 kobolds
  5 rats
222 creatures vanquished.

Vanquished Creatures (others)
  2 bushes (D:4)
  11 plants (D:4)
13 creatures vanquished.

Grand Total: 235 creatures vanquished

Notes
Turn   | Place    | Note
-------+----------+-------------------------------------------
     0 | D:1      | jjjjhere the Kobold Berserker began the quest for the Orb.
     0 | D:1      | Reached XP level 1. HP: 14/14 MP: 1/1
    91 | D:1      | Reached skill level 1 in Stealth
   384 | D:1      | Reached XP level 2. HP: 19/19 MP: 2/2
   744 | D:1      | Reached skill level 2 in Stealth
   972 | D:1      | Reached XP level 3. HP: 23/23 MP: 3/3
  1117 | D:1      | Found Zewnyjekk's Weapon Boutique.
  1971 | D:2      | Noticed Sigmund
  2056 | D:2      | Reached skill level 5 in Short Blades
  2100 | D:2      | Reached skill level 3 in Stealth
  2168 | D:2      | Found a faded altar of an unknown god.
  2216 | D:2      | Reached XP level 4. HP: 19/28 MP: 4/4
  2289 | D:2      | Reached ** piety under Trog
  2623 | D:2      | Killed Sigmund
  2624 | D:2      | Reached skill level 5 in Stealth
  2624 | D:2      | Reached XP level 5. HP: 32/32 MP: 5/5
  2624 | D:2      | Reached XP level 6. HP: 37/37 MP: 6/6
  2722 | D:2      | Found an iron altar of Okawaru.
  3189 | D:3      | Found a runed translucent gate.
  3190 | D:3      | Found a runed translucent gate.
  3320 | D:3      | Found a runed translucent gate.
  3972 | D:4      | Reached skill level 6 in Stealth
  4003 | D:4      | Found an ancient bone altar of Kikubaaqudgha.
  4131 | D:4      | Found a blossoming altar of Fedhas.
  4133 | D:4      | Noticed a necrophage
  4133 | D:4      | Noticed a necrophage
  4134 | D:4      | Noticed a necrophage
  4421 | D:4      | Found Mometruy's Book Boutique.
  4422 | D:4      | Noticed an ogre
  4435 | D:4      | Killed an ogre
  4436 | D:4      | Reached XP level 7. HP: 32/41 MP: 7/7
  4802 | D:4      | Reached skill level 7 in Stealth
  4872 | D:4      | Reached skill level 8 in Stealth
  5071 | D:5      | Entered Level 5 of the Dungeon
  5079 | D:5      | Reached XP level 8. HP: 43/46 MP: 8/8
  5268 | D:5      | Noticed Edmund
  5272 | D:5      | Killed Edmund
  5341 | D:5      | Found a staircase to the Ecumenical Temple.
  5359 | Temple   | Entered the Ecumenical Temple
  5425 | D:5      | Found a snail-covered altar of Cheibriados.
  5473 | D:5      | Reached skill level 9 in Stealth
  5763 | D:5      | Noticed Ijyb
  5766 | D:5      | Killed Ijyb
  5767 | D:5      | Found a glowing silver altar of Zin.
  5834 | D:5      | Reached skill level 10 in Short Blades
  5834 | D:5      | Reached skill level 10 in Stealth
  5971 | D:5      | Reached skill level 11 in Stealth
  5971 | D:5      | Reached XP level 9. HP: 51/51 MP: 9/9
  6338 | D:5      | HP: 15/51 [acid (3)]
  6346 | D:5      | HP: 22/76 [jelly (3)]
  6347 | D:5      | HP: 10/76 [centaur zombie (1)]
  6709 | D:6      | Reached skill level 12 in Stealth
  6857 | D:6      | Noticed Grinder
  6860 | D:6      | Killed Grinder
  6861 | D:6      | Reached skill level 13 in Stealth
  6888 | D:6      | Found a hide-covered altar of Uskayaw.
  6889 | D:6      | Noticed a +0 dagger
  6894 | D:6      | Noticed a +0 hand axe
  6965 | D:6      | Found a shimmering altar of Xom.
  6965 | D:6      | Found a burning altar of Makhleb.
  7167 | D:6      | Reached skill level 14 in Stealth
  7417 | D:6      | Reached *** piety under Trog
  7492 | D:6      | Found a basalt altar of Yredelemnul.
  7814 | D:6      | Reached XP level 10. HP: 56/56 MP: 10/10
  8453 | D:7      | Reached skill level 15 in Stealth
  8704 | D:7      | Found a sacrificial altar of Ru.
  8723 | D:7      | Found a radiant altar of Vehumet.
  8746 | D:7      | Noticed Maggie
  8767 | D:7      | Noticed Maggie
  8767 | D:7      | Maggie changed into Maggie the ogre
  8773 | D:7      | Killed Maggie the ogre
  8774 | D:7      | Reached skill level 5 in Fighting
  9071 | D:7      | Noticed Menkaure
  9076 | D:7      | Killed Menkaure
  9077 | D:7      | Reached skill level 5 in Dodging
  9652 | D:8      | Found a viscous altar of Jiyva.
 10015 | D:8      | Found a white marble altar of Elyvilon.
 11570 | D:9      | Reached skill level 16 in Stealth
 11701 | D:9      | Reached **** piety under Trog
 11791 | D:9      | Found a sparkling altar of Nemelex Xobeh.
 11934 | D:9      | Found a transporter.
 11938 | D:9      | Noticed a two-headed ogre
 11950 | D:9      | Noticed a two-headed ogre
 11956 | D:9      | Found the +7 Kryia's mail coat {PotionHeal*2 rC+}
 12142 | D:9      | Found a transporter.
 12142 | D:9      | Noticed a moth of wrath
 12220 | D:9      | Reached XP level 11. HP: 66/66 MP: 11/11
 12477 | D:9      | Noticed COBRA's ghost (novice HOFi)
 12478 | D:9      | Noticed a deep troll
 12512 | D:10     | Entered Level 10 of the Dungeon
 12665 | D:10     | Identified the +2 robe "Maurovil" {*Corrode Fly Int+4}
 13562 | D:10     | Noticed a death yak
 13562 | D:10     | Noticed a death yak
 13564 | D:10     | Found a staircase to the Lair.
 13565 | D:10     | Noticed a death yak
 13566 | D:10     | Killed a death yak
 13567 | D:10     | Reached skill level 17 in Stealth
 13568 | D:10     | Noticed a death yak
 13634 | D:9      | Killed a death yak
 13805 | D:9      | HP: 10/68 [death yak (21)]
 13806 | D:9      | Mangled by a death yak

Illustrated notes

Levels and vault maps discovered:
D:1:      dpeg_arrival_signposts, layout_basic, serial_shops, shop,
          chequers_big_river, serial_bayou_lagoon_b
D:2:      layout_rooms, basic_altar, shapermc_ecumenical_altar_totnotflames,
          chequers_serial_rivers_micro_a, uniq_sigmund
D:3:      layout_basic, gammafunk_ghost_icy
D:4:      cheibrodos_old_hovel, layout_basic, kiku_gazebo_garden_becter,
          fedhas_altar_decomposition, kennysheep_windowed_goal
D:5:      minmay_chambers_of_threes, layout_rooms, marbit_many_paths,
          kennysheep_slug_shrine, minmay_temple_entry_statues_fountains,
          uniq_ijyb, uniq_edmund
D:6:      kennysheep_spiral_hall, layout_layer_cave, dancing_weapons_uskayaw,
          mainiacjoe_overflow_small_starburst,
          grunt_temple_overflow_champion_of_chaos, st_stairs_5, uniq_grinder
D:7:      layout_basic, general_overflow_altar, vehumet_statue, uniq_menkaure,
          uniq_maggie
D:8:      layout_basic, nicolae_elyvilon_peaceful_grove, jiyva_altar_1
D:9:      layout_small_grid, mainiacjoe_overflow_chevrons,
          gammafunk_ghost_wrathful_warriors
D:10:     layout_layer_cave, dpeg_lair_monsters, serial_glass, glass_columns_b,
          glass_columns_a
Temple:   dpeg_chambers_temple

Skill      XL: |  1  2  3  4  5  6  7  8  9 10 11 |
---------------+----------------------------------+-----
Stealth        | 1 2 3 5 6 8 11 14 16 17 | 17.2
Short Blades   | 5 6 7 8 10 | 10.0
Dodging        | 3 6 8 |  8.6
Fighting       | 6 8 |  8.3
Armour         | |  1.5

Action                   |  1- 3 |  4- 6 |  7- 9 | 10-12 || total
-------------------------+-------+-------+-------+-------++-------
Melee: Short sword       |   117 |    44 |       |       ||   161
       Dagger            |       |    38 |   295 |   404 ||   737
       Punch             |       |     1 |     4 |     4 ||     9
Invok: Berserk           |     1 |     3 |     8 |    13 ||    25
       Trog's Hand       |       |       |     2 |     2 ||     4
Evoke: Wand              |       |       |       |     5 ||     5
  Use: Scroll            |       |       |     8 |     7 ||    15
 Stab: Sleeping          |    13 |    14 |    22 |    31 ||    80
       Distracted        |       |     1 |       |     2 ||     3
Armor: Animal skin       |    26 |     1 |    13 |     1 ||    41
       Steam dragon scal |       |       |       |    21 ||    21
       Leather armour    |       |       |       |     1 ||     1
       Scale mail        |       |       |       |    24 ||    24
Dodge: Dodged            |    90 |    30 |    99 |   174 ||   393
